 Dungeon Crawl Stone Soup version 0.22-a0-614-g34fbaa0 (webtiles) character file.

417 robertstho the Chopper (level 7, -9/54 HPs)
             Began as a Formicid Fighter on July 13, 2018.
             Killed by divine providence
             ... invoked by an orc priest
              (14 damage)
             ... on level 4 of the Dungeon.
             The game lasted 00:07:28 (3586 turns).

robertstho the Chopper (Formicid Fighter)           Turns: 3586, Time: 00:07:28

Health: -9/54      AC: 11    Str: 21    XL:     7   Next: 15%
Magic:  7/7        EV:  3    Int:  7    God:
Gold:   159        SH:  8    Dex: 12    Spells: 6/6 levels left

rFire    . . .     SeeInvis +   a - +0 war axe
rCold    + . .     Gourm    .   c - +0 shield
rNeg     . . .     Faith    .   n - +0 plate armour
rPois    .         Spirit   .   (helmet unavailable)
rElec    .         Reflect  .   s - +0 cloak
rCorr    .         Harm     .   (no gloves)
MR       .....                  (no boots)
Stlth    ..........             (no amulet)
HPRegen  0.18/turn              b - ring of protection from cold
MPRegen  0.10/turn              (no ring)

@: very heavily drained
A: permanent stasis, dig shafts and tunnels, four strong arms, antennae 3
a: Dig, Shaft Self


You were on level 4 of the Dungeon.
You were hungry.

You visited 1 branch of the dungeon, and saw 4 of its levels.

You collected 159 gold pieces.

Inventory:

Hand Weapons
 a - a +0 war axe (weapon)
 g - a +0 hunting sling
Missiles
 e - 16 sling bullets
 h - 68 arrows
 j - 196 stones (quivered)
 k - 11 bolts
 v - 5 silver tomahawks
Armour
 c - a +0 shield (worn)
 n - a +0 plate armour (worn)
 s - a +0 cloak (worn)
Jewellery
 b - a ring of protection from cold (left hand)
Scrolls
 d - 3 scrolls of identify
 i - a scroll of random uselessness {unknown}
 l - a scroll of remove curse
 m - a scroll of teleportation
 p - 2 scrolls of magic mapping {unknown}
 q - 3 scrolls of enchant weapon {unknown}
Potions
 t - a potion of cancellation
Comestibles
 f - 5 rations


   Skills:
 + Level 4.1(0.5) Fighting
 * Level 5.0(1.3) Axes
 * Level 5.0(1.2) Armour
 + Level 0.6(0.0) Dodging
 + Level 4.8(1.1) Shields


You had 6 spell levels left.
You didn't know any spells.
Your spell library was empty.

Dungeon Overview and Level Annotations

Branches:
Dungeon (4/15)
 Temple: D:4-7

Altars:
Cheibriados
Elyvilon
Hepliaklqana
Xom
Zin


Innate Abilities, Weirdness & Mutations

You cannot be hasted, slowed, berserked, paralysed or teleported.
You can dig through walls and to a lower floor.
Your four strong arms can wield two-handed weapons with a shield.
You have a pair of large antennae on your head. (SInv)


Message History

You barely miss the orc priest.
The orc priest is almost dead.
You block the orc priest's attack.
The orc priest miscasts a cantrip.
You hit the orc priest but do no damage.
The orc priest is almost dead.
The orc priest hits you.
* * * LOW HITPOINT WARNING * * *
You closely miss the orc priest.
The orc priest is almost dead.
The orc priest hits you.
* * * LOW HITPOINT WARNING * * *
The orc priest hits you.
* * * LOW HITPOINT WARNING * * *
You closely miss the orc priest.
The orc priest is almost dead.
The orc wizard shouts!
The orc priest mumbles some strange prayers to Beogh against you.
Beogh smites you!
You die...

##### ### ..... ..#
#####...#[ ######.#
.......... ......#
.....# o....#
##...###### #.##...#
........... #....§o#
###.##############§#
...>.)....o.....@o§#
.#.##)....##########
.#......#.#
.########.#
..........#
.##....#### ..#....#
#.#....# #.#....#


You could see an orc priest and an orc wizard.

Vanquished Creatures
  Sigmund (D:2)
  2 hounds (D:4)
  An orc priest (D:4)
  Jessica (D:2)
  Terence (D:3)
  3 gnolls (D:4)
  An ooze (D:3)
  3 dart slugs
  A leopard gecko (D:1)
  11 orcs
  A ball python (D:1)
  6 bats
  4 giant cockroaches
  3 hobgoblins
  6 jackals
  7 kobolds
  2 quokkas
  3 frilled lizards
  7 goblins
  6 rats
70 creatures vanquished.

Notes
Turn   | Place    | Note
-------+----------+-------------------------------------------
     0 | D:1      | robertstho the Formicid Fighter began the quest for the Orb.
     0 | D:1      | Reached XP level 1. HP: 18/18 MP: 1/1
   157 | D:1      | Reached XP level 2. HP: 22/24 MP: 2/2
   472 | D:1      | Reached XP level 3. HP: 26/29 MP: 3/3
   777 | D:2      | Found a glowing silver altar of Zin.
   777 | D:2      | Found a shimmering altar of Xom.
   777 | D:2      | Noticed an angel
   827 | D:2      | Noticed Jessica
   839 | D:2      | Killed Jessica
   839 | D:2      | Reached XP level 4. HP: 33/36 MP: 4/4
  1207 | D:2      | Noticed Sigmund
  1231 | D:2      | Killed Sigmund
  1231 | D:2      | Reached XP level 5. HP: 14/42 MP: 5/5
  1231 | D:2      | Reached XP level 6. HP: 17/48 MP: 6/6
  2101 | D:3      | Noticed Terence
  2110 | D:3      | Killed Terence
  2893 | D:4      | Found a snail-covered altar of Cheibriados.
  2894 | D:4      | Found a white marble altar of Elyvilon.
  3009 | D:4      | Found a hazy altar of Hepliaklqana.
  3126 | D:4      | Reached skill level 5 in Axes
  3126 | D:4      | Reached XP level 7. HP: 52/53 MP: 7/7
  3205 | D:4      | Reached skill level 5 in Armour
  3222 | D:4      | HP: 1/53 [orc priest/nerve-wracking pain (13)]
  3586 | D:4      | Killed from afar by an orc priest

Vault maps used:
D:1:      dpeg_arrival_arbitrary_a
D:2:      grunt_temple_overflow_order_and_chaos_1, first_ration, uniq_jessica,
          uniq_sigmund
D:3:      uniq_terence
D:4:      old_standard_altar, gammafunk_temple_overflow_pools

Skill      XL: |  1  2  3  4  5  6  7 |
---------------+----------------------+-----
Shields        | 4 |  4.8
Axes           | 3 4 5 |  5.0
Armour         | 4 5 |  5.0
Fighting       | 4 |  4.1
Dodging        | |  0.6

Action                   |  1- 3 |  4- 6 |  7- 9 || total
-------------------------+-------+-------+-------++-------
Melee: War axe           |    94 |   148 |    38 ||   280
  Use: Scroll            |       |     5 |     5 ||    10
       Potion            |       |     5 |     2 ||     7
  Eat: Chunk             |       |     7 |     1 ||     8
Armor: Scale mail        |    32 |    27 |       ||    59
       Plate armour      |       |    82 |    28 ||   110
       Skin              |       |       |     7 ||     7
Dodge: Dodged            |    34 |    33 |     9 ||    76
Block: Shield            |    42 |   105 |    22 ||   169

Table legend:
 A = Spawn XP
 B = Non-spawn XP
 C = Spawn XP percentage of total XP
 D = Spawn monster count
 E = Non-spawn monster count
 F = Spawn count percentage of total count
 G = Total turns spent on level
                    A         B        C        D         E        F      G
               +---------+---------+-------+---------+---------+-------+---------
         Total |       0 |     596 |   0.0 |       0 |      70 |   0.0 |  3586
               +---------+---------+-------+---------+---------+-------+---------
           D:1 |       0 |      44 |   0.0 |       0 |      25 |   0.0 |   749
           D:2 |       0 |     296 |   0.0 |       0 |      20 |   0.0 |  1058
           D:3 |       0 |      56 |   0.0 |       0 |       9 |   0.0 |   811
           D:4 |       0 |     200 |   0.0 |       0 |      16 |   0.0 |   968
               +---------+---------+-------+---------+---------+-------+---------
